 Dungeon Crawl Stone Soup version 0.25-a0-2-g6559c6c67a (webtiles) character file.

Game seed: 12260263802004451944, levelgen mode: deterministic

50 petercordia4 the Cutter (level 3, 0/26 HPs)
             Began as an Octopode Chaos Knight on Oct 14, 2019.
             Was a Plaything of Xom.
             Slain by Robin the frilled lizard (2 damage)
             ... on level 2 of the Dungeon.
             The game lasted 00:03:58 (1697 turns).

petercordia4 the Cutter (Octopode Chaos Knight)     Turns: 1697, Time: 00:03:59

Health: 0/26       AC:  0    Str: 11    XL:     3   Next: 79%
Magic:  3/3        EV: 15    Int: 14    God:    Xom [.*....]
Gold:   61         SH:  0    Dex: 12    Spells: 2/2 levels left

rFire    . . .     SeeInvis .   (weapon currently unavailable)
rCold    . . .     Gourm    .   (shield currently unavailable)
rNeg     . . .     Faith    .   (helmet currently unavailable)
rPois    .         Spirit   .   (no amulet)
rElec    .         Reflect  .   (ring currently unavailable)
rCorr    .         Harm     .   (ring currently unavailable)
MR       .....                  (ring currently unavailable)
Stlth    ++........             (ring currently unavailable)
HPRegen  0.08/turn              (ring currently unavailable)
MPRegen  0.08/turn              (ring currently unavailable)
                                (ring currently unavailable)
                                (ring currently unavailable)

@: about to teleport, pig-form, very quick
A: small, almost no armour, stealthy swim, (amphibious), (8 rings), (constrict
8)
a: Renounce Religion


You were on level 2 of the Dungeon.
You worshipped Xom.
You were a plaything of Xom.
You were not hungry.
You were a filthy swine.
You visited 1 branch of the dungeon, and saw 2 of its levels.

You collected 61 gold pieces.

Inventory:

Hand Weapons
 a - a +0 short sword of chaos (melded)
 b - a +0 short sword
 p - a +0 dagger
Missiles
 e - 31 bolts
 k - 20 poisoned darts (quivered)
 n - 19 arrows
 o - 2 stones
Armour
 c - a +0 shield (melded)
Jewellery
 f - a ring of stealth (melded)
Scrolls
 g - a scroll of identify
 l - a scroll of amnesia
Potions
 h - a potion of curing {unknown}
 j - a potion of lignification {unknown}
 r - a potion of haste {unknown}
Comestibles
 m - a ration
 q - a chunk of flesh


   Skills:
 + Level 3.2 Fighting
 * Level 3.5 Short Blades
 + Level 2.6 Dodging
 + Level 1.8 Stealth
 * Level 1.4 Shields


You had 2 spell levels left.
You didn't know any spells.
Your spell library was empty.

Dungeon Overview and Level Annotations

Branches:
Dungeon (2/15)

Altars:
Ashenzari

Annotations:
D:2 Robin


Innate Abilities, Weirdness & Mutations

You cannot wear most types of armour.
You are very stealthy in the water. (Stealth+)
((You are amphibious.))
((You can wear up to eight rings at the same time.))
((You can use your tentacles to constrict eight enemies at once.))
((Your skin changes colour to match your surroundings (Stealth+).))
((Your rubbery body absorbs attacks. (AC +1, EV +1)))


Message History

As you read the scroll labeled CELEOTUCRE, it crumbles to dust.
It is a scroll of identify.
l - a scroll of amnesia Robin zaps a wand.
You resist with significant effort. The goblin completely misses you.
The goblin hits you with a +0 dagger. x2
The goblin misses you.
RUN YOU FOOL!!!
As you read the scroll labeled BOWAPT RUB FEBI, it crumbles to dust.
You feel blessed for a moment.
It was a scroll of remove curse.
You hear Xom's avuncular chuckle.
Robin evaporates and reforms as a frilled lizard!
The goblin misses you. The goblin completely misses you.
The goblin hits you with a +0 dagger.
* * * LOW HITPOINT WARNING * * *
The goblin hits you with a +0 dagger.
* * * LOW HITPOINT WARNING * * *
RUN YOU FOOL!!!
As you read the scroll labeled KENWIM BEMOMMAAR, it crumbles to dust.
You feel strangely unstable.
It was a scroll of teleportation.
Robin bites you.
You die...

#..# #..#
#... .l.#
#gg# #gg#
#gl#
#hg######
###
#gg......
..#
#.#######
#.# #.#
#.# #?#
#.# #.#
#.#
#.######.#
#.#
..>......#
##<##
#.#####..#
##...##


You could see a leopard gecko, 3 hobgoblins, 5 goblins and Robin the frilled
lizard.

Vanquished Creatures
  2 adders (D:2)
  An ooze (D:1)
  2 dart slugs (D:1)
  A bat (D:1)
  A giant cockroach (D:2)
  8 goblins
  2 hobgoblins
  A ball python (D:1)
  A frilled lizard (D:1)
  4 kobolds
  A rat (D:1)
24 creatures vanquished.

Notes
Turn   | Place    | Note
-------+----------+-------------------------------------------
     0 | D:1      | petercordia4 the Octopode Chaos Knight began the quest for
                  | the Orb.
     0 | D:1      | Reached XP level 1. HP: 16/16 MP: 1/1
    92 | D:1      | XOM: butterfly on damage
   195 | D:1      | XOM: butterfly on damage
   221 | D:1      | XOM: potion effect (might)
   544 | D:1      | Reached XP level 2. HP: 21/21 MP: 2/2
   696 | D:1      | Reached skill level 1 in Stealth
   706 | D:1      | Reached skill level 1 in Shields
   786 | D:1      | Found a shattered altar of Ashenzari.
  1212 | D:1      | Reached XP level 3. HP: 23/26 MP: 3/3
  1685 | D:2      | Noticed Robin
  1696 | D:2      | Noticed Robin
  1696 | D:2      | Robin changed into Robin the frilled lizard
  1696 | D:2      | XOM: polymorph Robin -> Robin the frilled lizard
  1697 | D:2      | Slain by Robin the frilled lizard

Levels and vault maps discovered:
D:1:      eino_arrival_water_cross, layout_basic, evilmike_ruin_ashenzari
D:2:      layout_loops_ring, uniq_robin

Skill      XL: |  1  2 |
---------------+-------+-----
Stealth        | 1 |  1.8
Shields        | 1 |  1.4
Fighting       | |  3.2
Short Blades   | |  3.5
Dodging        | |  2.6

Action                   || total
-------------------------++-------
Melee: Short sword       ||    46
       Constrict         ||    13
       Tentacles         ||    10
       Unarmed           ||     4
  Use: Scroll            ||     3
 Stab: Sleeping          ||     4
  Eat: Chunk             ||     2
Armor: Skin              ||     2
Dodge: Dodged            ||    26
Block: Shield            ||     8

Table legend:
 A = Non-vault XP
 B = Vault XP
 C = Vault XP percentage of total XP
 D = Non-vault monster count
 E = Vault monster count
 F = Vault count percentage of total count
                 A         B        C        D         E       F
            +---------+---------+-------+---------+---------+-------
      Total |      67 |       5 |   6.9 |      21 |       3 |  12.5
            +---------+---------+-------+---------+---------+-------
        D:1 |      35 |       0 |   0.0 |      16 |       0 |   0.0
        D:2 |      32 |       5 |  13.5 |       5 |       3 |  37.5
            +---------+---------+-------+---------+---------+-------
